Map: Arctic Flowers LE

Players

AssForceFive

  • Race: Protoss Protoss
  • League: Gold
  • Spawn Location: 7:00

KiNdBuD

  • Race: Protoss Protoss
  • Spawn Location: 7:00

sunglasslion

  • Race: Zerg Zerg
  • League: Platinum
  • Spawn Location: 1:00

MrHobo

  • Race: Protoss Protoss
  • League: Diamond
  • Spawn Location: 1:00

VOD

Have the link to the VOD?

Description

Time

  • Played on: Dec. 5, 2024, 1:02 a.m.
  • Length: 14:57
Show
View Real Time Build Order
Export as new Build Order

AssForceFive Protoss 

Build Orders:  

Get SALT Encoding   

  12  0:02  Probe  
  13  0:22  Probe  
  14  0:29  Pylon  
  14  0:34  Probe  
  15  0:43  Probe  
  16  0:57  Gateway  
  16  1:09  Forge  
  16  1:19  Pylon  
  16  1:27  Assimilator  
  16  1:29  Probe  
  16  1:31  Assimilator  
  17  1:39  Probe  
  18  1:47  Probe  
  19  1:55  Probe  
  19  2:00  Photon Cannon  
  20  2:01  Cybernetics Core  
  20  2:07  Photon Cannon  
  20  2:08  Probe  
  21  2:20  Probe  
  22  2:27  Pylon  
  22  2:45  Nexus  
  22  3:09  Probe  
  23  3:21  Probe  
  24  3:33  Probe  
  24  3:46  Probe  
  24  3:58  Probe  
  25  4:06  Pylon  
  25  4:10  Assimilator  
  25  4:13  Probe  
  25  4:15  Assimilator  
  26  4:18  Pylon  
  26  4:21  Probe  
  26  4:28  Nexus  
  26  4:30  Probe  
  27  4:37  Probe  
  28  4:40  Probe  
  28  4:45  Probe  
  30  4:48  Warp Gate, Probe  
  32  4:54  Probe  
  32  4:56  Probe  
  33  5:06  Probe, Robotics Facility  
  35  5:08  Probe  
  35  5:10  Twilight Council  
  35  5:13  Gateway  
  36  5:18  Probe  
  36  5:19  Gateway  
  36  5:20  Probe  
  38  5:24  Shield Battery  
  38  5:31  Pylon  
  38  5:33  Assimilator  
  38  5:35  Probe  
  39  5:43  Probe  
  40  5:52  Probe  
  41  5:58  Probe  
  42  6:05  Probe  
  42  6:06  Probe, Stalker x3  
  50  6:11  Blink  
  50  6:16  Probe  
  50  6:17  Probe  
  52  6:23  Immortal  
  56  6:28  Probe  
  57  6:40  Probe  
  58  7:01  Observer  
  58  7:07  Pylon  
  59  7:11  Pylon  
  59  7:12  Stalker x3  
  59  7:15  Probe  
  66  7:23  Probe  
  67  7:33  Probe  
  67  7:36  Warp Prism, Stalker x2  
  72  7:37  Stalker  
  74  7:44  Dark Shrine  
  74  7:45  Probe  
  77  7:57  Probe  
  78  8:04  Gateway  
  78  8:08  Gateway  
  78  8:10  Charge, Gateway  
  78  8:12  Gateway  
  75  8:13  Gateway  
  66  8:31  Probe  
  67  8:40  Stalker x2  
  67  8:41  Stalker  
  73  8:43  Probe  
  74  8:51  Immortal  
  74  8:55  Probe  
  79  9:01  Dark Templar  
  81  9:03  Dark Templar  
  81  9:05  Dark Templar  
  81  9:07  Probe  
  86  9:17  Pylon  
  86  9:19  Pylon  
  86  9:21  Pylon  
  86  9:23  Pylon  
  86  9:35  Probe  
  87  9:40  Dark Templar x3  
  87  9:41  Dark Templar x3  
  87  9:42  Dark Templar  
  97  10:04  Dark Templar  
  79  10:35  Dark Templar x3  
  83  10:36  Dark Templar x4  
  83  10:39  Zealot  
  79  11:10  Stalker x2  
  79  11:11  Stalker x4  
  85  11:12  Stalker x2  
  93  11:25  Forge  
  93  11:29  Forge  
  93  11:31  Forge  
  54  13:25  Nexus  
  46  13:28  Pylon x3  
  46  13:29  Pylon  
  46  13:30  Pylon  
  46  13:31  Pylon  
  46  13:38  Assimilator  
  46  13:42  Stalker  
  46  13:43  Stalker x4  
  46  13:44  Stalker x3  
  62  14:05  Assimilator  
  62  14:16  Photon Cannon  
  58  14:17  Photon Cannon  
  58  14:21  Nexus  
  50  14:33  Nexus  
  48  14:40  Stalker x2  
  48  14:41  Stalker x4  
  48  14:42  Stalker x2  
Show
View Real Time Build Order
Export as new Build Order

KiNdBuD Protoss 

Build Orders: Oracle Opening 

Get SALT Encoding   

  12  0:01  Probe  
  13  0:13  Probe  
  14  0:19  Pylon  
  14  0:25  Probe  
  15  0:38  Gateway, Probe  
  16  0:46  Probe  
  16  0:50  Assimilator  
  16  0:54  Probe  
  18  1:04  Probe  
  19  1:16  Probe  
  20  1:37  Cybernetics Core  
  20  1:40  Probe  
  21  1:50  Assimilator  
  21  1:52  Nexus  
  21  1:57  Probe  
  21  1:59  Pylon  
  22  2:05  Probe  
  22  2:15  Probe  
  24  2:27  Probe  
  25  2:34  Stargate  
  25  2:36  Pylon  
  25  2:39  Probe  
  26  2:49  Shield Battery  
  26  2:51  Probe  
  27  2:54  Adept, Warp Gate  
  29  3:03  Probe  
  29  3:04  Probe  
  31  3:11  Oracle  
  31  3:14  Twilight Council  
  31  3:15  Probe  
  31  3:16  Probe  
  33  3:22  Adept  
  36  3:27  Probe  
  36  3:29  Probe  
  37  3:49  Probe x2  
  35  4:01  Probe x2  
  37  4:08  Stalker  
  37  4:13  Probe x2  
  41  4:25  Probe x2  
  41  4:26  Gateway x2  
  43  4:37  Probe  
  44  4:39  Probe  
  44  4:42  Charge  
  45  4:49  Probe  
  45  4:52  Probe  
  47  4:54  Zealot  
  47  4:58  Pylon  
  53  5:01  Probe, Void Ray  
  54  5:17  Zealot  
  54  5:19  Nexus  
  56  5:31  Probe x2  
  58  5:39  Zealot x2  
  58  5:40  Probe  
  61  5:43  Pylon  
  61  5:48  Pylon  
  61  5:49  Forge  
  62  5:54  Pylon  
  62  5:58  Probe  
  62  5:59  Probe  
  62  6:03  Gateway  
  64  6:10  Probe  
  64  6:11  Zealot x3, Probe  
  72  6:22  Probe  
  72  6:23  Probe  
  74  6:26  Protoss Ground Weapons Level 1  
  72  6:34  Probe  
  72  6:35  Probe  
  62  6:40  Stalker  
  62  6:41  Stalker x2  
  62  6:44  Probe  
  62  6:47  Probe x2  
  71  6:56  Probe  
  71  6:59  Probe x2  
  74  7:04  Zealot x3, Photon Cannon  
  74  7:05  Zealot  
  74  7:07  Pylon  
  82  7:19  Probe  
  82  7:20  Probe  
  82  7:21  Templar Archives, Probe  
  82  7:27  Probe  
  82  7:28  Probe  
  82  7:29  Probe  
  85  7:30  Stalker x2  
  92  7:37  Probe x3  
  92  7:38  Photon Cannon  
  95  7:44  Blink  
  95  7:49  Probe x3  
  95  7:51  Robotics Facility  
  98  7:56  Assimilator  
  98  7:59  Assimilator  
  98  8:00  Stalker  
  98  8:01  Probe x3  
  103  8:09  Zealot x3  
  109  8:34  Pylon  
  109  8:36  Pylon  
  109  8:39  Pylon  
  109  8:41  Pylon  
  109  8:48  Observer  
  109  8:52  Probe x3  
  109  8:54  Stalker x3  
  109  8:55  Stalker  
  125  8:58  Void Ray  
  125  9:04  Probe x3  
  128  9:22  Zealot x4  
  136  9:27  Nexus  
  114  9:41  Void Ray  
  114  9:45  Stalker  
  92  9:46  Stalker x3  
  92  9:51  Immortal  
  88  10:09  Stalker x3  
  88  10:11  Zealot  
  79  10:31  Immortal  
  79  10:32  Void Ray  
  79  10:33  Zealot x3  
  79  10:34  Zealot  
  79  10:47  Probe  
  79  10:48  Probe x2  
  77  11:00  Probe x3  
  77  11:01  Stalker x4  
  88  11:10  Immortal  
  96  11:12  Probe  
  96  11:15  Void Ray  
  96  11:16  Robotics Facility  
  97  11:19  Assimilator  
  97  11:23  Assimilator  
  97  11:26  Zealot  
  97  11:27  Zealot x3  
  97  11:28  Protoss Ground Weapons Level 2, Probe x3  
  97  11:32  Nexus  
  108  11:33  Pylon  
  108  11:35  Pylon  
  108  11:36  Probe x2  
  108  11:37  Probe  
  108  11:45  Probe  
  111  11:49  Immortal, Stalker  
  111  11:50  Stalker x2  
  111  11:51  Zealot  
  124  12:02  Oracle  
  124  12:03  Probe x2  
  124  12:04  Probe  
  130  12:15  Probe x2  
  130  12:16  Probe  
  129  12:27  Probe  
  129  12:28  Probe x2  
  132  12:34  Immortal x2  
  140  12:37  Sentry  
  140  12:39  Probe  
  140  12:40  Probe  
  144  12:49  Probe x2  
  139  12:52  Probe x2  
  139  12:58  Probe  
  138  13:00  Probe x2  
  138  13:01  Probe  
  142  13:06  Probe  
  142  13:08  Probe x2  
  145  13:14  Probe  
  145  13:16  Probe  
  145  13:19  Zealot x4  
  155  13:32  Gateway  
  155  13:33  Gateway  
  155  13:37  Forge  
  155  13:40  Stalker x4  
  155  13:41  Gateway  
  163  13:43  Gateway  
  163  13:47  Pylon x2  
  163  13:49  Pylon  
  163  13:50  Pylon  
  141  14:23  Zealot  
  141  14:24  Zealot x3  
  121  14:32  Stalker  
  121  14:33  Stalker  
  109  14:42  Stalker x2  
Show
View Real Time Build Order
Export as new Build Order

sunglasslion Zerg 

Build Orders: 3 Hatch before Pool, Lurkers 

Get SALT Encoding   

  12  0:00  Drone  
  13  0:12  Overlord  
  13  0:20  Drone  
  14  0:31  Drone x2  
  16  0:38  Drone  
  17  0:47  Drone  
  18  0:54  Hatchery  
  17  1:14  Hatchery  
  17  1:16  Drone  
  17  1:22  Drone x2  
  19  1:30  Extractor  
  18  1:38  Spawning Pool  
  17  1:45  Drone  
  17  1:46  Drone  
  19  1:52  Overlord  
  19  2:07  Drone x2  
  21  2:13  Drone  
  22  2:17  Drone  
  23  2:24  Drone  
  23  2:26  Drone  
  23  2:29  Drone  
  26  2:33  Queen  
  26  2:34  Queen  
  31  2:37  Drone  
  31  2:40  Drone  
  32  2:45  Overlord  
  32  2:47  Drone  
  32  2:50  Drone  
  34  2:53  Drone  
  34  2:55  Drone  
  36  2:59  Drone  
  36  3:01  Drone  
  36  3:04  Overlord  
  38  3:10  Drone  
  38  3:11  Drone  
  40  3:15  Drone  
  41  3:21  Drone  
  41  3:22  Drone  
  41  3:25  Queen  
  45  3:30  Drone x2  
  47  3:35  Drone  
  48  3:41  Drone  
  48  3:42  Drone  
  50  3:51  Hatchery  
  49  3:58  Extractor  
  49  3:59  Drone x3  
  49  4:00  Hatchery  
  50  4:11  Drone x2  
  50  4:15  Drone x2, Extractor  
  50  4:16  Drone  
  54  4:21  Drone x4  
  54  4:24  Overlord x2  
  58  4:26  Overlord  
  58  4:47  Spore Crawler  
  58  4:50  Spore Crawler  
  58  4:51  Drone x5  
  58  4:52  Drone  
  62  4:59  Spore Crawler  
  61  5:06  Extractor  
  61  5:07  Drone x3  
  61  5:08  Drone x2  
  61  5:09  Drone, Extractor  
  61  5:13  Drone x4  
  61  5:14  Drone x5  
  74  5:27  Drone x5  
  74  5:28  Drone  
  80  5:31  Spore Crawler  
  79  5:39  Drone x2  
  79  5:41  Drone x3  
  79  5:42  Drone x2  
  86  5:43  Drone  
  87  5:50  Spine Crawler x2  
  87  5:51  Drone x5  
  87  5:52  Drone x3  
  93  5:59  Drone  
  93  6:00  Overlord  
  94  6:04  Overlord, Extractor  
  94  6:05  Overlord x2  
  93  6:15  Overlord  
  93  6:17  Queen x2  
  98  6:18  Drone x2  
  98  6:19  Drone x2  
  98  6:20  Extractor  
  98  6:24  Extractor  
  99  6:32  Drone x3  
  102  6:33  Drone x5  
  102  6:35  Drone x3, Extractor  
  102  6:37  Overlord x2  
  109  6:42  Drone x2  
  109  6:46  Drone x4  
  115  6:50  Lair  
  115  7:09  Hatchery  
  114  7:16  Spine Crawler  
  114  7:17  Hatchery  
  114  7:19  Spore Crawler  
  114  7:21  Spine Crawler  
  114  7:22  Spore Crawler  
  109  7:36  Drone x2, Extractor  
  109  7:37  Drone  
  111  7:48  Zergling x2  
  111  7:49  Zergling x26  
  125  7:58  Overlord x3  
  125  8:02  Spore Crawler  
  125  8:03  Drone x3  
  127  8:14  Spire  
  127  8:18  Evolution Chamber  
  127  8:19  Evolution Chamber  
  124  8:20  Hydralisk Den  
  124  8:23  Drone x2  
  124  8:24  Drone x7  
  124  8:25  Drone x8  
  124  8:26  Drone x7  
  147  8:34  Overlord  
  147  8:35  Overlord  
  147  8:43  Metabolic Boost  
  147  8:47  Zerg Melee Weapons Level 1, Zerg Ground Armor Level 1  
  147  9:07  Hatchery  
  146  9:11  Overseer  
  146  9:14  Overseer x2  
  146  9:20  Zergling x8  
  146  9:21  Zergling x8  
  149  9:40  Corruptor x2  
  149  9:41  Corruptor x3  
  158  9:48  Zergling x4  
  155  10:17  Corruptor  
  155  10:18  Corruptor x9  
  155  10:21  Zerg Flyer Weapons Level 1  
  173  10:39  Drone  
  173  10:40  Drone x8  
  173  10:41  Drone x2  
  184  10:48  Drone x6  
  184  10:49  Drone  
  191  10:50  Extractor  
  191  10:55  Extractor  
  189  11:04  Spire  
  188  11:05  Zerg Ground Armor Level 2, Zerg Melee Weapons Level 2  
  188  11:12  Lurker Den  
  187  11:30  Extractor  
  187  11:31  Extractor  
  185  11:54  Infestation Pit  
  184  12:13  Drone x6  
  184  12:14  Drone  
  184  12:15  Hatchery  
  190  12:16  Drone x3  
  190  12:17  Drone x3  
  185  12:35  Extractor  
  185  12:36  Extractor  
  183  12:38  Hive  
  183  12:39  Hydralisk  
  183  12:40  Hydralisk x7  
  199  12:46  Hatchery  
  198  13:41  Hatchery  
  197  14:09  Spore Crawler  
  196  14:10  Spore Crawler  
  196  14:11  Spine Crawler x2  
  196  14:13  Spine Crawler  
  196  14:14  Spine Crawler  
  191  14:29  Lurker  
  191  14:30  Lurker x7  
Show
View Real Time Build Order
Export as new Build Order

MrHobo Protoss 

Build Orders: Blink Stalkers, Carriers, Zealot Archon 

Get SALT Encoding   

  12  0:01  Probe  
  13  0:13  Probe  
  14  0:19  Pylon  
  14  0:25  Probe  
  15  0:38  Probe  
  15  0:41  Gateway  
  16  0:47  Assimilator  
  16  0:50  Probe  
  17  1:02  Probe  
  18  1:12  Gateway  
  18  1:18  Probe  
  19  1:32  Cybernetics Core  
  19  1:33  Assimilator  
  19  1:38  Pylon  
  19  1:40  Probe  
  20  1:53  Probe  
  21  1:59  Warp Gate  
  21  2:05  Probe  
  22  2:13  Adept x2  
  26  2:17  Probe  
  27  2:29  Twilight Council  
  27  2:36  Pylon  
  27  2:40  Stalker  
  27  2:41  Stalker  
  31  3:03  Blink  
  31  3:18  Gateway  
  31  3:19  Gateway  
  31  3:46  Stalker  
  31  3:47  Stalker  
  31  4:03  Stargate  
  31  4:06  Stargate  
  31  4:11  Robotics Facility  
  31  4:16  Gateway  
  31  4:19  Stalker  
  31  4:20  Stalker  
  31  4:21  Gateway, Stalker  
  37  4:24  Gateway  
  37  4:25  Stalker  
  39  5:04  Pylon x2  
  39  5:11  Warp Prism  
  39  5:15  Shield Battery  
  39  5:22  Oracle x2  
  39  5:23  Charge  
  39  5:27  Zealot  
  39  5:28  Zealot x3  
  55  5:33  Pylon  
  55  5:36  Pylon x2  
  55  5:50  Templar Archives  
  55  6:07  Protoss Air Weapons Level 1  
  51  6:27  Stalker  
  51  6:28  Stalker x6  
  57  6:51  Stalker x6  
  69  6:55  Pylon  
  69  7:02  Gateway  
  69  7:03  Gateway  
  69  7:07  High Templar  
  71  7:14  Fleet Beacon  
  71  7:17  High Templar  
  71  7:18  High Templar x3  
  71  7:22  Archon  
  79  7:23  Archon  
  79  7:25  High Templar  
  79  7:26  Immortal  
  79  7:28  Stalker  
  87  7:30  Archon  
  87  7:50  Pylon x2  
  87  7:52  Pylon  
  87  8:03  Pylon  
  87  8:05  Pylon  
  87  8:06  Pylon  
  87  8:08  Pylon  
  95  8:13  Void Ray x2  
  95  8:27  Stalker  
  95  8:28  High Templar x2, Stalker x3  
  95  8:29  High Templar x3  
  95  8:31  Immortal  
  95  8:32  Archon  
  95  8:33  Archon  
  114  8:49  Pylon x2  
  111  8:55  Carrier  
  111  8:56  Carrier, Zealot x4  
  119  9:09  Observer  
  108  9:45  Stalker  
  108  9:46  Stalker x5  
  83  10:16  Pylon  
  83  10:17  Pylon  
  83  10:19  Pylon  
  83  10:20  Pylon  
  75  10:23  Pylon  
  75  10:25  Pylon  
  75  10:26  Pylon  
  61  10:32  Pylon  
  61  10:33  Pylon  
  61  10:35  Pylon  
  57  10:37  Pylon  
  57  10:40  Pylon  
  57  10:42  Stargate  
  46  10:44  Stalker x6  
  46  10:45  Stalker x3  
  46  10:47  Immortal  
  66  10:53  Forge  
  66  10:55  Forge  
  60  11:01  Pylon  
  60  11:04  Pylon  
  59  11:12  Zealot, Stalker  
  59  11:13  Stalker  
  59  11:14  Zealot  
  67  11:29  Protoss Ground Weapons Level 1, Protoss Ground Armor Level 1  
  67  11:31  Fleet Beacon  
  67  11:32  Zealot x5  
  85  11:33  Void Ray x2  
  85  11:55  Zealot x7  
  85  11:56  Zealot  
  78  12:25  Carrier x3  
  88  12:31  Zealot  
  88  12:32  Zealot x7  
  88  12:36  Immortal  
  96  13:19  Carrier x3  
  114  13:35  Nexus  
  114  13:39  Zealot x4  
  114  13:40  Zealot x4  
  130  13:46  Pylon  
  110  14:29  Zealot  
  110  14:30  Zealot x7  
Tags
 
Add a new tag
Caveats
  • Supply blocks, unpowered buildings, or Contaminate may cause inaccurate times.
  • Supply counts are checked every 10 seconds.